 Dungeon Crawl Stone Soup version 0.30.2 (webtiles) character file.

Game seed: 16080490479846657948

185 Nonny the Slasher (level 5, -3/63 HPs)
             Began as a Hill Orc Gladiator on Mar 28, 2024.
             Slain by a gnoll sergeant
             ... wielding a +0 trident
              (16 damage)
             ... on level 3 of the Dungeon.
             The game lasted 00:13:52 (1960 turns).

Nonny the Slasher (Hill Orc Gladiator)              Turns: 1960, Time: 00:13:53

Health: -3/63      AC:  6    Str: 17    XL:     5   Next: 64%
Magic:  5/5        EV: 11    Int:  8    God:
Gold:   147        SH:  0    Dex: 14    Spells: 4/4 levels left

rFire   . . .        a - +1 long sword (elec)
rCold   . . .        (no shield)
rNeg    . . .        l - +0 ring mail
rPois   .            c - +0 helmet
rElec   .            (no cloak)
rCorr   .            (no gloves)
SInv    .            (no boots)
Will    .....        (no amulet) Stlth
                     (no ring)
HPRegen 0.30/turn    (no ring)
MPRegen 0.09/turn

%: no passive effects
@: brilliant, berserking, very quick
A: no striking features
a: no special abilities


You were on level 3 of the Dungeon.
You visited 1 branch of the dungeon, and saw 4 of its levels.

You collected 147 gold pieces.

Inventory:

Hand Weapons
 a - a +1 long sword of electrocution (weapon)
Missiles
 d - 4 throwing nets
 e - a javelin
 h - 34 stones (quivered)
 r - 3 boomerangs
Armour
 c - a +0 helmet (worn)
 l - a +0 ring mail (worn)
Wands
 k - a wand of flame (49)
Scrolls
 b - a scroll of teleportation
 i - a scroll of noise
 p - a scroll of immolation {unknown}
 t - a scroll of poison
Potions
 f - a potion of haste {unknown}
 g - a potion of attraction {unknown}
 m - a potion of heal wounds {unknown}
 s - a potion of cancellation


   Skills:
 - Level 2.4 Fighting
 + Level 5.5 Long Blades
 - Level 2.0 Throwing
 + Level 2.1 Armour
 - Level 2.4 Dodging
 * Level 2.0 Stealth


You had 4 spell levels left.
You didn't know any spells.
Your spell library contained the following spells:

 Spells                   Type           Power      Damage    Failure   Level
 Inner Flame              Hex/Fire       0%         N/A       93%         3
 Ozocubu's Armour         Ice            0%         N/A       93%         3
 Yara's Violent Unravell  Hex/Tmut       0%         3d3       100%        5
 Enfeeble                 Hex            0%         N/A       100%        7
 Ozocubu's Refrigeration  Ice            0%         4d7       100%        7


Dungeon Overview and Level Annotations

Branches:
Dungeon (4/15)
 Temple: D:4-7

Altars:


Message History

You kill the gnoll!
The gnoll completely misses you.
The gnoll sergeant hits you from afar with a +0 trident. x2
The gnoll hits you but does no damage.
Things that are here:
a +0 whip; a +0 robe You slash the gnoll!
The gnoll is almost dead.
The gnoll completely misses you.
The gnoll sergeant hits you from afar with a +0 trident.
You closely miss the gnoll.
The gnoll is almost dead.
The gnoll hits you with a +0 mace.
The gnoll sergeant hits you but does no damage.
You hit the gnoll.
You kill the gnoll!
The gnoll sergeant hits you from afar with a +0 trident!
Your Stealth skill increases to level 2!
The gnoll sergeant hits you with a +0 trident.
You see here a +0 mace.
You hit the gnoll sergeant but do no damage.
Lightning courses through the gnoll sergeant!
The gnoll sergeant is severely wounded.
The gnoll sergeant hits you with a +0 trident.
* * * LOW HITPOINT WARNING * * *
It was a potion of cancellation.
You feel magically purged. The gnoll sergeant barely misses you.
It was a potion of brilliance.
You feel clever all of a sudden.
The gnoll sergeant hits you with a +0 trident.
* * * LOW HITPOINT WARNING * * *
It was a potion of berserk rage.
A red film seems to cover your vision as you go berserk!
You feel yourself moving faster!
You feel mighty!
The gnoll sergeant hits you with a +0 trident.
* * * LOW HITPOINT WARNING * * *
You closely miss the gnoll sergeant.
The gnoll sergeant is heavily wounded.
The gnoll sergeant hits you with a +0 trident!
You die...

#.#.#...............
#.#+############..##
#.....##............
#.$...##.########..#
...##.....##.# #..#
.g.gg.....##.# #..# #'#
#.# #... #g####.# #...
#.####@#....# #...
#....).##'###### #...
######.........# #...
#.....†...#####...
#.........'...+...
########.........#####...
.......'.........+.......
########.........########
#.........#


You could see a gnoll sergeant.

Vanquished Creatures
  A scorpion (D:4)
  4 gnolls (D:3)
  4 adders
  A worm (D:3)
  4 dart slugs
  3 ball pythons
  2 endoplasms
  3 giant cockroaches
  6 goblins
  2 hobgoblins (D:1)
  4 quokkas
  2 bats (D:1)
  4 kobolds
  6 rats
46 creatures vanquished.

Notes
Turn   | Place    | Note
-------+----------+-------------------------------------------
     0 | D:1      | Nonny the Hill Orc Gladiator began the quest for the Orb.
     0 | D:1      | Reached XP level 1. HP: 18/18 MP: 1/1
    44 | D:1      | Pleasant garden vault just outside the start. :)
   186 | D:1      | Reached XP level 2. HP: 25/25 MP: 2/2
   406 | D:1      | Found a faded altar of an unknown god.
   592 | D:1      | Reached skill level 1 in Stealth
   690 | D:1      | Reached XP level 3. HP: 29/30 MP: 3/3
   787 | D:1      | Reached skill level 4 in Long Blades
   843 | D:2      | ZELEDU LOJI - Noise
   843 | D:2      | GOFEF VYNOXZO - poison
   843 | D:2      | MOZOIPS KYSAEBICE - teleportation
   846 | D:1      | D:2 uphatch leads to pleasant garden nearby dungeon
                  | entrance/exit. Likely worth it for orb run.
   883 | D:2      | black potion - lignification
   883 | D:2      | ATOODOE NOAVA - identify
  1044 | D:2      | Reached skill level 1 in Armour
  1110 | D:2      | Reached XP level 4. HP: 35/37 MP: 4/4
  1402 | D:3      | TATIOR HADI - summoning
  1551 | D:4      | Noticed a scorpion
  1564 | D:4      | Killed a scorpion
  1565 | D:4      | Reached skill level 5 in Long Blades
  1565 | D:4      | Reached XP level 5. HP: 42/42 MP: 5/5
  1803 | D:2      | D:3 uphatch leads to center of D:2, not too far from
                  | upstairs. D:3 uphatch is in the northeast of its floor.
  1944 | D:3      | FINLAI NADIS - brand weapon
  1945 | D:3      | YLOMPA SI ETOT - brand weapon
  1960 | D:3      | Slain by a gnoll sergeant

Illustrated notes #.. #P.P# #.# ##≈.≈## ###.# ###≈≈.≈≈### ##...###P≈≈≈.≈≈≈P### #†###..............# #.# #.##P≈≈≈.≈≈≈P#. #.###.####≈≈.≈≈### ########.## ##≈.≈## .........# #P@P# ..##.....# #.....# .........# #.♣...♣.# ########## #...8...# #.♣...♣.# #.......# # ##### # Turn 44 on D:1: Pleasant garden vault just outside the start. :) #.. ##.##......#### .# #.)##.....§§§§....# ..<#.........§§§...#.# #......#.###.§§§...# +.........##.#§§.#.# #.........##.#§###.# #.......).<..#§# # .......§§§####§# ...$...§§§§§§§@# .......##§§§§§§# .######§§§§§#§## .§§§§.§§.. #§##.§#§## #. #§§#§# #§§ §§. #§§ #§# .. .. Turn 843 on D:2: ZELEDU LOJI - Noise ################.# #.......# #.# #.#####.########.# #)# #........#.########## ..# ##########.##.......# ### #......#P.P#######.# # #.##..##≈.≈## #.# ###.#####≈≈.≈≈### #.# ##...###P≈≈≈@≈≈≈P####.# #.###..............##># #.# #.##P≈≈≈.≈≈≈P#....# #.###.####≈≈.≈≈######.# ########.##.###≈.≈##### #.# .........##.###P.P###.# #.# ..##.....##.##.....##.# #.# .........##.#.♣...♣.#.# #.# ###########.#...8...#.# #.# Turn 846 on D:1: D:2 uphatch leads to pleasant garden nearby dungeon entrance/exit. Likely worth it for orb run. #.####.#..######.## #.. ...#......#.... #.. ##.##......#### .# #.)##.............# ..<#...............#.# #......#.###...†...# +.........##.#...#.# #.........##.#.###.# #.......).@..#.# # ..........####.# ...$..........<# .......##......# .######.....#.## .......... #.##..#.## #. #..#.# #.. ... Turn 883 on D:2: black potion - lignification #......... #.####.... #.##.# # #....# ####.### #......# #.##.#g########### #.##g.r.........<# #.####@########### #.# #g# #.# #.# #.# #.# #<# #.# ### #.# ..# #.# Turn 1402 on D:3: TATIOR HADI - summoning

.......................####.# #..
#####'#..####..............<# ###
#####.#..####.......##......#
..............######.....#.######
.............................)...
#####.##.......#####.##..#.###.##
#.####.....### #.##..#.###.##
#....'.....'.###.#.........##
######.....#@....#..##.######
###########........# ###
#........# #.. #........###.#
###..###...... #.....).†...
##..#####... ##.# #.##
######'#####.##


Turn 1803 on D:2: D:3 uphatch leads to center of D:2, not too far from upstairs.
D:3 uphatch is in the northeast of its floor. #.#.#...............
#.#+############..## #.....##............ #.$...##.########..# ...##.....##.#
#..# .g.gg.g...##.# #..# #g# #.# #... #.####.# #... #.####@#....# #...
#......##'###### #... ######.........# #... #.....†...#####...
#.........'...+... ########.........#####... .......'.........+.......
########.........######## #.........# Turn 1944 on D:3: FINLAI NADIS - brand
weapon #.#.#............... #.#+############..## #.....##............
#.$...##.########..# ...##.....##.# #..# .g.gg.g...##.# #..# #g# #.# #...
#g####.# #... #.####@#....# #... #......##'###### #... ######.........# #...
#.....†...#####... #.........'...+... ########.........#####...
.......'.........+....... ########.........######## #.........# Turn 1945 on
D:3: YLOMPA SI ETOT - brand weapon

Levels and vault maps discovered:
D:1:      wheals_arrival_shading, layout_loops_ring,
          chequers_ecumenical_altar_twisty, dreamdust_princess_bridge
D:2:      layout_basic
D:3:      layout_basic, moated_statue
D:4:      layout_gridville, bloody_trog, nicolae_tso_besieged_by_evil,
          minmay_temple_entry_glass

Skill      XL: |  1  2  3  4  5 |
---------------+----------------+-----
Throwing       | 2 |  2.0
Stealth        | 1 2 |  2.0
Long Blades    | 4 5 |  5.5
Armour         | 1 2 |  2.1
Fighting       | |  2.4
Dodging        | |  2.4

Action                     |  1- 3 |  4- 6 || total
---------------------------+-------+-------++-------
  Melee: Long sword        |   121 |    63 ||   184
         Punch             |     1 |       ||     1
  Throw: Stone             |     4 |       ||     4
    Use: Scroll            |     4 |     3 ||     7
         Potion            |       |     4 ||     4
 Armour: Leather armour    |    24 |       ||    24
         Ring mail         |    31 |    18 ||    49
         Skin              |       |     9 ||     9
  Dodge: Dodged            |    84 |    25 ||   109
